 Dungeon Crawl Stone Soup version 0.26.0-11-g8f856b5395 (webtiles) character file.

Game seed: 9352631494682603742

840 xSliceyx the Magician (level 7, -5/36 HPs)
             Began as a Deep Elf Air Elementalist on Jan 15, 2021.
             Was an Initiate of Gozag.
             Shot with an arrow by a centaur (8 damage)
             ... on level 5 of the Dungeon.
             The game lasted 00:20:01 (6678 turns).

xSliceyx the Magician (Deep Elf Air Elementalist)   Turns: 6678, Time: 00:20:01

Health: -5/36      AC: 13    Str:  5    XL:     7   Next: 67%
Magic:  9/18       EV: 11    Int: 22    God:    Gozag
Gold:   313        SH:  0    Dex: 17    Spells: 8/18 levels left

rFire    . . .     SeeInvis .   q - +0 falchion
rCold    + . .     Faith    .   (no shield)
rNeg     . . .     Spirit   .   t - +8 ring mail "Trusted Companion" {+Blink Dex+2}
rPois    .         Reflect  .   (no helmet)
rElec    .         Harm     .   (no cloak)
rCorr    .         Rampage  .   (no gloves)
Will     .....                  (no boots)
Stlth    +.........             (no amulet)
HPRegen  0.12/turn              i - ring of attention (curse)
MPRegen  0.16/turn              s - ring of protection from cold

@: very slightly contaminated
A: no striking features
a: Renounce Religion, Evoke Blink, Potion Petition, Call Merchant, Bribe Branch


You were on level 5 of the Dungeon.
You worshipped Gozag.
Gozag was aware of your devotion.
You visited 2 branches of the dungeon, and saw 6 of its levels.

You collected 368 gold pieces.
You paid 55 gold pieces to Gozag.

Inventory:

Hand Weapons
 e - a +0 spear of venom
 q - a +0 falchion (weapon)
Missiles
 l - 48 poisoned darts
Armour
 a - a +0 robe
 t - the +8 ring mail "Trusted Companion" (worn) {+Blink Dex+2}
   (You found it on level 4 of the Dungeon)

   It affects your dexterity (+2).
   It lets you blink.
Jewellery
 i - a cursed ring of attention (left hand)
 m - an uncursed ring of resist corrosion
 s - a ring of protection from cold (right hand)
Scrolls
 b - 2 scrolls of enchant weapon {unknown}
 c - 8 scrolls of identify {unknown}
 d - 2 scrolls of teleportation {unknown}
 f - 4 scrolls of fog {unknown}
 h - 5 scrolls of remove curse {unknown}
 r - a scroll of magic mapping {unknown}
 v - a scroll of immolation {unknown}
Potions
 g - 3 potions of curing {unknown}
 j - 2 potions of haste {unknown}
 k - a potion of resistance {unknown}
 n - 2 potions of mutation {unknown}
 o - a potion of lignification {unknown}
 p - a potion of cancellation {unknown}
 u - a potion of flight {unknown}


   Skills:
 + Level 5.4 Dodging
 - Level 2.4 Stealth
 + Level 6.1 Spellcasting
 + Level 4.6 Conjurations
 * Level 5.6 Air Magic


You had 8 spell levels left.
You knew the following spells:

 Your Spells              Type           Power        Failure   Level
a - Shock                 Conj/Air       100%         5%          1
b - Swiftness             Air            31%          6%          2
c - Static Discharge      Conj/Air       29%          16%         3
d - Airstrike             Air            15%          38%         4

Your spell library contained the following spells:

 Spells                   Type           Power        Failure   Level
 Confusing Touch          Hex            6%           78%         3
 Gell's Gravitas          Tloc           3%           78%         3
 Lightning Bolt           Conj/Air       14%          82%         5
 Petrify                  Tmut/Erth      6%           99%         4
 Metabolic Englaciation   Hex/Ice        3%           100%        5
 Yara's Violent Unravell  Hex/Tmut       3%           100%        5


Dungeon Overview and Level Annotations

Branches:
Dungeon (5/15)             Temple (1/1) D:4

Altars:
Ashenzari
Cheibriados
Dithmenos
Elyvilon
Fedhas
Gozag
Makhleb
Nemelex Xobeh
Okawaru
Qazlal
Ru
Sif Muna
Trog
Vehumet
Wu Jian
Xom
Yredelemnul
Zin
The Shining One


Message History

The zap hits the centaur.
The centaur is almost dead.
Casting: Shock (safe; 5% risk of failure)
Confirm with . or Enter, or press ? or * to list all spells.
Aiming: Shock (safe; 5% risk of failure)
Press: ? - help, Shift-Dir - straight line, f/p - centaur
Aim: a centaur, wielding a +0 shortbow and quivering 24 arrows (almost dead, 16% to evade)
The zap misses the centaur.
Casting: Shock (safe; 5% risk of failure)
Confirm with . or Enter, or press ? or * to list all spells.
Aiming: Shock (safe; 5% risk of failure)
Press: ? - help, Shift-Dir - straight line, f/p - centaur
Aim: a centaur, wielding a +0 shortbow and quivering 24 arrows (almost dead, 16% to evade)
You miscast Shock.
You are very lightly contaminated with residual magic.
Nothing appears to happen.
The centaur shoots an arrow.
The arrow hits you!
* * * LOW HITPOINT WARNING * * *
The centaur shoots an arrow.
The arrow hits you!
You die...
Your body crumbles into a pile of gold.

......#.### #.# #.....# #
..........# ... #.....#######
..........# .# #.# #............
..........# .# #.# ##.....#######
..........# .# #.#.#####+#.....#
..........##.# #c#.#####.#.###.#
...........#.# #.. ....#.#...#.#
......###).#.# #.# ............#
......###....# #@# ###.#.#.######
####....#...## #.# #.....#.....
#......).####.## #.#.#.#.####
######._###)##....######.###.# #
#.......# #..#.#..#..........# #
#.####.####.)#.#..#.####.########
#.# #...........................
#.# #.####....#.##.####.########
#.# #.# #.#..#....# #.#


You could see a centaur.

Vanquished Creatures
  A phantom (D:4)
  2 quasits (D:5)
  7 orc priests
  4 orc wizards
  An iguana (D:5)
  Natasha (thrice) (D:4)
  A worker ant (D:4)
  A hound zombie (D:5)
  5 gnolls (D:2)
  2 adders
  3 white imps (D:5)
  3 worms
  2 dart slugs
  5 leopard geckos
  29 orcs
  8 bats
  6 giant cockroaches
  8 hobgoblins
  2 quokkas
  10 frilled lizards
  A giant cockroach zombie (D:5)
  8 goblins
  A jackal zombie (D:5)
  7 kobolds
  8 rats
128 creatures vanquished.

Vanquished Creatures (others)
  A plant (D:3)
1 creature vanquished.

Grand Total: 129 creatures vanquished

Notes
Turn   | Place    | Note
-------+----------+-------------------------------------------
     0 | D:1      | xSliceyx the Deep Elf Air Elementalist began the quest for
                  | the Orb.
     0 | D:1      | Reached XP level 1. HP: 10/10 MP: 6/6
   420 | D:1      | Reached XP level 2. HP: 15/15 MP: 5/8
   626 | D:1      | Learned a level 2 spell: Swiftness
  1757 | D:2      | Reached XP level 3. HP: 14/19 MP: 2/10
  1942 | D:2      | Reached XP level 4. HP: 24/24 MP: 9/11
  1946 | D:2      | Learned a level 3 spell: Static Discharge
  1951 | D:2      | Learned a level 4 spell: Airstrike
  2018 | D:2      | You fall into a shaft and drop 1 floor!
  2510 | D:3      | Reached skill level 4 in Spellcasting
  2793 | D:3      | Reached XP level 5. HP: 28/28 MP: 5/13
  3956 | D:2      | Found an iron altar of Okawaru.
  4241 | D:4      | Reached XP level 6. HP: 32/32 MP: 8/15
  4249 | D:3      | Reached skill level 5 in Spellcasting
  4472 | D:4      | Found a staircase to the Ecumenical Temple.
  4475 | D:4      | Got an encrusted ring mail
  4483 | Temple   | Entered the Ecumenical Temple
  4581 | D:4      | Identified the +8 ring mail "Trusted Companion" {+Blink
                  | Dex+2} (You found it on level 4 of the Dungeon)
  4639 | D:4      | Noticed Natasha
  4642 | D:4      | Killed Natasha
  4667 | D:4      | Reached XP level 7. HP: 32/36 MP: 0/17
  5070 | D:4      | Found a radiant altar of Vehumet.
  5227 | D:4      | Reached skill level 5 in Dodging
  5272 | D:4      | Found a sparkling altar of Nemelex Xobeh.
  5273 | D:4      | Found an opulent altar of Gozag.
  5273 | D:4      | Noticed Natasha
  5276 | D:4      | Killed Natasha
  5277 | D:4      | Reached skill level 5 in Air Magic
  5449 | D:4      | Noticed Natasha
  5453 | D:4      | Killed Natasha
  5585 | D:4      | Became a worshipper of Gozag Ym Sagoz the Greedy
  5622 | D:5      | Entered Level 5 of the Dungeon
  5829 | D:5      | Found a shimmering blue altar of Sif Muna.
  6188 | D:5      | Found a stormy altar of Qazlal.
  6281 | D:5      | Reached skill level 6 in Spellcasting
  6678 | D:5      | Shot with an arrow by a centaur

Illustrated notes

Levels and vault maps discovered:
D:1:      lemuel_arrival_funnel, layout_basic, grunt_decor_resistance,
          chequers_garden
D:2:      layout_rooms, okawaru_altar_gauntlet_db
D:3:      layout_basic, corexii_shack, minmay_puff
D:4:      layout_gridville, grunt_temple_overflow_opulence,
          kennysheep_mini_moat, minmay_temple_entry_statues_pillars,
          uniq_natasha
D:5:      layout_basic, general_overflow_altar, overflow_temple_1_default,
          corexii_leaking_fountain
Temple:   nicolae_temple_great_sept

Skill      XL: |  1  2  3  4  5  6  7 |
---------------+----------------------+-----
Dodging        | 3 4 5 |  5.4
Conjurations   | 2 3 4 |  4.6
Spellcasting   | 4 5 6 |  6.1
Air Magic      | 4 5 |  5.6
Stealth        | |  2.4

Action                   |  1- 3 |  4- 6 |  7- 9 || total
-------------------------+-------+-------+-------++-------
Melee: Spear             |     1 |    11 |       ||    12
       Falchion          |       |    10 |     5 ||    15
 Cast: Shock             |    54 |   155 |    99 ||   308
Armor: Robe              |       |     2 |       ||     2
       Ring mail         |       |     4 |    10 ||    14
Dodge: Dodged            |     2 |    28 |    14 ||    44
       Rpst.: Falchion   |       |     6 |     1 ||     7
